 Dungeon Crawl Stone Soup version 0.31.0-32-g396128a36d (webtiles) character file.

Game seed: 18088142372856854754

814 Doomgape the Trooper (level 7, -5/71 HPs)
             Began as a Troll Fighter on Apr 3, 2024.
             Was an Initiate of Okawaru.
             Slain by Prince Ribbit (11 damage)
             ... on level 5 of the Dungeon.
             The game lasted 00:10:43 (3848 turns).

Doomgape the Trooper (Troll Fighter)                Turns: 3848, Time: 00:10:44

Health: -5/71      AC:  6    Str: 27    XL:     7   Next: 62%
Magic:  6/6        EV:  9    Int:  4    God:    Okawaru [......]
Gold:   363        SH: 13    Dex:  9    Spells: 6/6 levels left

rFire   . . .        a - +0 flail
rCold   . . .        c - +1 kite shield
rNeg    . . .        b - +0 robe
rPois   .            l - +2 hat
rElec   .            o - scarf {repulsion}
rCorr   +            (gloves unavailable)
SInv    .            (boots unavailable)
Will    .....        j - amulet of reflection
Stlth   +            f - ring of resist corrosion
HPRegen 1.11/turn    (no ring)
MPRegen 0.10/turn

%: repel missiles, reflection
@: no status effects
A: large, unfitting armour, claws 3, regeneration 1, shaggy fur 1, tough skin 1
a: Renounce Religion


You were on level 5 of the Dungeon.
You worshipped Okawaru.
Okawaru was noncommittal.
You visited 2 branches of the dungeon, and saw 6 of its levels.

You collected 363 gold pieces.

Inventory:

Hand Weapons
 a - a +0 flail (weapon)
Armour
 b - a +0 robe (worn)
 c - a +1 kite shield (worn)
 l - a +2 hat (worn)
 o - a scarf of repulsion (worn)
Jewellery
 f - a ring of resist corrosion (left claw)
 j - an amulet of reflection (around neck)
 u - an amulet of regeneration
Scrolls
 e - a scroll of revelation
 h - a scroll of immolation
 k - a scroll of enchant armour
 n - a scroll of noise {unknown}
 p - a scroll of fear
 q - a scroll of blinking
 r - a scroll of teleportation {unknown}
 s - 2 scrolls of identify {unknown}
Potions
 d - a potion of might
 g - a potion of lignification {unknown}
 i - a potion of magic {unknown}
 m - a potion of mutation {unknown}
 t - a potion of haste {unknown}


   Skills:
 + Level 4.8 Fighting
 + Level 4.7 Maces & Flails
 + Level 4.7 Dodging
 - Level 2.7 Shields


You had 6 spell levels left.
You didn't know any spells.
Your spell library contained the following spells:

 Spells                   Type           Power      Damage    Failure   Level
 Gell's Gravitas          Tloc           0%         N/A       98%         3
 Teleport Other           Tloc           0%         N/A       98%         3
 Passage of Golubria      Tloc           0%         N/A       100%        4
 Vhi's Electric Charge    Tloc/Air       0%         N/A       100%        4
 Arcjolt                  Conj/Air       0%         1d10      100%        5
 Yara's Violent Unravell  Hex/Alch       0%         3d3       100%        5
 Dispersal                Tloc           0%         N/A       100%        6
 Maxwell's Capacitive Co  Air            0%         ∞         100%        8
 Tukima's Dance           Hex            Unusable   N/A       N/A         3

Dungeon Overview and Level Annotations

Branches:
Dungeon (5/15)             Temple (1/1) D:5

Altars:
Ashenzari
Cheibriados
Dithmenos
Elyvilon
Fedhas
Hepliaklqana
Kikubaaqudgha
Makhleb
Nemelex Xobeh
Okawaru
Qazlal
Ru
Sif Muna
Trog
Uskayaw
Vehumet
Wu Jian
Xom
Yredelemnul
The Shining One

Shops:
D:2 ?   D:3 =

Annotations:
D:5 Prince Ribbit


Innate Abilities, Weirdness & Mutations

You are too large for most types of armour.
You have claws for hands.
Your natural rate of healing is unusually fast.
You are covered in fur. (AC +1)
You have tough skin. (AC +1)


Message History

You closely miss Prince Ribbit.
Prince Ribbit is severely wounded.
Prince Ribbit blinks!
Prince Ribbit hits you!
* * * LOW HITPOINT WARNING * * *
You barely miss Prince Ribbit.
Prince Ribbit is severely wounded.
Prince Ribbit croaks regally.
Prince Ribbit barely misses you. You block Prince Ribbit's attack.
You closely miss Prince Ribbit.
Prince Ribbit is severely wounded.
You block Prince Ribbit's attack.
Prince Ribbit blinks!
You closely miss Prince Ribbit.
Prince Ribbit is severely wounded.
Prince Ribbit hits you.
* * * LOW HITPOINT WARNING * * *
Prince Ribbit hits you.
* * * LOW HITPOINT WARNING * * *
You barely miss Prince Ribbit.
Prince Ribbit is severely wounded.
Prince Ribbit hits you!
* * * LOW HITPOINT WARNING * * *
You barely miss Prince Ribbit.
Prince Ribbit is severely wounded.
Prince Ribbit blinks!
You start resting.
You block Prince Ribbit's attack.
You hit Prince Ribbit.
Prince Ribbit is severely wounded.
Prince Ribbit hits you but does no damage.
You miss Prince Ribbit.
Prince Ribbit is severely wounded.
You block Prince Ribbit's attack. Prince Ribbit hits you!
* * * LOW HITPOINT WARNING * * *
You miss Prince Ribbit.
Prince Ribbit is severely wounded.
Prince Ribbit hops awkwardly around.
Prince Ribbit barely misses you. You block Prince Ribbit's attack.
You closely miss Prince Ribbit.
Prince Ribbit is severely wounded.
Prince Ribbit hits you!
You die...

##### ....###########
..............#######
....#########.#.....# ....##....#
#.#F###.# ....##....# #)#.@<#.#
....##....# #.#####.# ....###.#.#
#.# #.# .#'## #.#.# #.# #.# .#.#
#.#.###'### #.# .#.# #.#.##.(..#
#.######### .#.#
##'#'##....###.##......##### .#.#
#.....#.........#......##...
...###.....#.>.....###......##...


You could see Prince Ribbit.

Vanquished Creatures
  Grinder (D:4)
  Blork the orc (D:5)
  2 scorpions
  A bombardier beetle (D:5)
  A sleepcap (D:5)
  2 hounds (D:5)
  4 orc wizards
  3 gnolls (D:5)
  5 adders
  A white imp (D:5)
  6 ribbon worms
  5 dart slugs
  13 orcs
  9 ball pythons
  5 endoplasms
  4 giant cockroaches
  13 goblins
  13 hobgoblins
  2 jackals (D:1)
  5 bats
  3 frilled lizards
  7 kobolds
  9 rats
115 creatures vanquished.

Vanquished Creatures (others)
  An orc (D:5)
1 creature vanquished.

Grand Total: 116 creatures vanquished

Notes
Turn   | Place    | Note
-------+----------+-------------------------------------------
     0 | D:1      | Doomgape the Troll Fighter began the quest for the Orb.
     0 | D:1      | Reached XP level 1. HP: 22/22 MP: 0/0
   163 | D:1      | Reached XP level 2. HP: 25/29 MP: 1/1
   425 | D:1      | Found a faded altar of an unknown god.
   526 | D:1      | Reached XP level 3. HP: 36/36 MP: 2/2
  1057 | D:2      | Found a burning altar of Makhleb.
  1380 | D:2      | Found Rodaixag's Magic Scroll Emporium.
  1500 | D:2      | Reached XP level 4. HP: 45/45 MP: 3/3
  1803 | D:3      | Found Diraxkaq's Jewellery Shoppe.
  1900 | D:3      | Reached XP level 5. HP: 45/53 MP: 4/4
  1960 | D:3      | Found a stormy altar of Qazlal.
  2397 | D:4      | Noticed Grinder
  2401 | D:4      | Paralysed by Grinder for 4 turns
  2415 | D:4      | Reached XP level 6. HP: 33/62 MP: 5/5
  2432 | D:4      | Paralysed by Grinder for 3 turns
  2437 | D:4      | Killed Grinder
  3085 | D:5      | Entered Level 5 of the Dungeon
  3111 | D:5      | Reached XP level 7. HP: 71/71 MP: 6/6
  3417 | D:5      | Found a staircase to the Ecumenical Temple.
  3552 | Temple   | Entered the Ecumenical Temple
  3602 | Temple   | Became a worshipper of Warmaster Okawaru
  3780 | D:5      | Noticed Blork the orc
  3786 | D:5      | Killed Blork the orc
  3809 | D:5      | Noticed Prince Ribbit
  3846 | D:5      | HP: 3/71 [Prince Ribbit (13)]
  3848 | D:5      | Slain by Prince Ribbit

Illustrated notes

Levels and vault maps discovered:
D:1:      co_arrival_random_square_maze, layout_loops_ring,
          hellmonk_ecumenical_altar_run_dry, st_stairs_4, minmay_small_reverse_x
D:2:      layout_basic, serial_shops, nicolae_shop_advertising_works
          [nicolae_subvault_shop_adworks], basic_altar
D:3:      layout_loops_ring, marbit_many_paths, serial_shops,
          nicolae_shop_hallway_plus
D:4:      cheibrodos_greedy_goblins, layout_basic, minmay_misc_feat_cross,
          uniq_grinder
D:5:      layout_basic, minmay_temple_entry_wispy, uniq_blork_the_orc,
          uniq_prince_ribbit1
Temple:   nicolae_temple_bog_church

Skill      XL: |  1  2  3  4  5  6 |
---------------+-------------------+-----
Maces & Flails | 2 3 4 |  4.7
Fighting       | 3 4 |  4.8
Dodging        | 3 4 |  4.7
Shields        | |  2.7

Action                     |  1- 3 |  4- 6 |  7- 9 || total
---------------------------+-------+-------+-------++-------
  Melee: Flail             |   152 |   159 |    99 ||   410
    Use: Scroll            |       |       |     7 ||     7
   Stab: Held in net/web   |       |     1 |       ||     1
 Armour: Robe              |   104 |    83 |    48 ||   235
  Dodge: Dodged            |    57 |    29 |    27 ||   113
         Repelled          |       |     1 |     4 ||     5
  Block: Kite shield       |   100 |    77 |    73 ||   250
         Reflection        |     2 |     4 |     3 ||     9
